 Dungeon Crawl Stone Soup version 0.29-a0-330-g52719c12eb (webtiles) character file.

Game seed: 5575627064014490535

13 kae the Firebug (level 2, 0/17 HPs)
             Began as an Octopode Fire Elementalist on Apr 18, 2022.
             Slain by a kobold
             ... wielding a +0 dagger of freezing
              (1 damage)
             ... on level 1 of the Dungeon.
             The game lasted 00:00:12 (734 turns).

kae the Firebug (Octopode Fire Elementalist)         Turns: 734, Time: 00:00:12

Health: 0/17       AC:  1    Str:  7    XL:     2   Next: 37%
Magic:  4/5        EV: 13    Int: 17    God:
Gold:   3          SH:  0    Dex: 12    Spells: 4/5 levels left

rFire   . . .      SeeInvis .   (no weapon)
rCold   . . .      Faith    .   (no shield)
rNeg    . . .      Spirit   .   (helmet restricted)
rPois   .          Reflect  .   (no amulet)
rElec   .          Harm     .   (no ring)
rCorr   .          Rampage  .   (no ring)
Will    .....                   (no ring)
Stlth   +++.......              (no ring)
HPRegen 0.05/turn               (no ring)
MPRegen 0.09/turn               (no ring)
                                (no ring)
                                (no ring)

@: no status effects
A: almost no armour, amphibious, 8 rings, camouflage 1, gelatinous body 1,
(nimble swimmer 1), tentacles
a: no special abilities


You were on level 1 of the Dungeon.
You visited 1 branch of the dungeon, and saw 1 of its levels.

You collected 3 gold pieces.

Inventory:

Scrolls
 b - a scroll of identify {unknown}
 c - a scroll of blinking {unknown}
Potions
 a - a potion of magic
 d - a potion of lignification {unknown}


   Skills:
 + Level 0.3 Fighting
 + Level 2.2 Dodging
 + Level 3.0 Stealth
 + Level 2.0 Spellcasting
 + Level 1.1 Conjurations
 * Level 3.2 Fire Magic


You had 4 spell levels left.
You knew the following spells:

 Your Spells              Type           Power      Damage    Failure   Level
a - Foxfire               Conj/Fire      36%        2x1d5     8%          1

Your spell library contained the following spells:

 Spells                   Type           Power      Damage    Failure   Level
 Scorch                   Fire           24%        2d6       8%          2
 Conjure Flame            Conj/Fire      9%         6-21      24%         3
 Inner Flame              Hex/Fire       7%         N/A       30%         3
 Flame Wave               Conj/Fire      9%         2d5       61%         4


Dungeon Overview and Level Annotations

Branches:
Dungeon (1/15)

Altars:


Innate Abilities, Weirdness & Mutations

You cannot wear most types of armour.
You are amphibious.
You can wear up to eight rings at the same time.
Your skin changes colour to match your surroundings (Stealth+).
Your rubbery body absorbs attacks. (AC +1, EV +1)
((You are camouflaged when in or above water. (Stealth+)))
You have tentacles for arms and can constrict up to eight enemies at once.


Message History

There are monsters nearby!
You tentacle-slap the endoplasm.
The endoplasm is moderately wounded.
The endoplasm closely misses you.
You tentacle-slap the endoplasm but do no damage.
The endoplasm is moderately wounded.
The kobold shouts!
The endoplasm hits you but does no damage.
There are monsters nearby!
You tentacle-slap the endoplasm.
The endoplasm is severely wounded.
The endoplasm hits you.
You tentacle-slap the endoplasm but do no damage.
The endoplasm is heavily wounded.
The endoplasm hits you.
You tentacle-slap the endoplasm but do no damage.
The endoplasm is heavily wounded.
The endoplasm freezes you.
You are frozen.
You are too injured to fight recklessly!
You are too injured to fight recklessly!
You are too injured to fight recklessly!
You tentacle-slap the endoplasm. You squeeze the endoplasm.
You kill the endoplasm!
The bat barely misses you. The bat hits you but does no damage.
Your Stealth skill increases to level 3!
You tentacle-slap the bat but do no damage.
Your grab misses the bat. The bat barely misses you.
The kobold throws a stone.
The stone hits you. The bat hits you.
The kobold hits you with a +0 dagger of freezing.
* * * LOW HITPOINT WARNING * * *
The kobold freezes you.
* * * LOW HITPOINT WARNING * * *
You completely miss the kobold. You grab the kobold. You constrict the kobold.
The bat hits you but does no damage.
The kobold hits you with a +0 dagger of freezing.
* * * LOW HITPOINT WARNING * * *
The kobold freezes you.
You die...

........................#.##..
##.......#.........#...#....#
#.......#........###.....###
#...(...######.....#..##.#
#................#.#..##.#
#......######.#..#.......##
######'#.####.#........#......#
...##.#......#.#§....##...##.#
#.##....## #@###........#..#
.###.÷...#.....bK..#^..##...#..#
....###..#.###.#.#.#.#.##.....###
.##.####.#.# #.#.#...#..#.......#
.#.......### # #.# ..# .##..###.#
...####### #.# ..# #..# #.#
........# #.# .# #..# #.#
....###.# #.# .# #..# #.# #...#
#.# #..# #.#


You could see a bat and a kobold.

Vanquished Creatures
  3 endoplasms (D:1)
  A goblin (D:1)
  4 hobgoblins (D:1)
  A ball python (D:1)
  A bat (D:1)
  A frilled lizard (D:1)
11 creatures vanquished.

Vanquished Creatures (others)
  23 foxfires (D:1)
23 creatures vanquished.

Grand Total: 34 creatures vanquished

Notes
Turn   | Place    | Note
-------+----------+-------------------------------------------
     0 | D:1      | kae the Octopode Fire Elementalist began the quest for the
                  | Orb.
     0 | D:1      | Reached XP level 1. HP: 11/11 MP: 3/3
   405 | D:1      | Reached XP level 2. HP: 17/17 MP: 3/5
   734 | D:1      | Slain by a kobold

Illustrated notes

Levels and vault maps discovered:
D:1:      minmay_arrival_up_and_down, layout_basic,
          ebering_ecumenical_altar_petrified

Skill      XL: |  1  2 |
---------------+-------+-----
Stealth        | 3 |  3.0
Fighting       | |  0.3
Dodging        | |  2.2
Spellcasting   | |  2.0
Conjurations   | |  1.1
Fire Magic     | |  3.2

Action                   || total
-------------------------++-------
Melee: Unarmed           ||    14
       Constrict         ||     3
       Tentacles         ||     2
 Cast: Foxfire           ||    17
Armor: Skin              ||     3
Dodge: Dodged            ||     7

Table legend: (Time is in decaauts)
 A = Elapsed time spent in this place.
 B = Non-inter-level travel time spent in this place.
 C = Inter-level travel time spent in this place.
 D = Time resting spent in this place.
 E = Time spent auto-exploring this place.
 F = Levels seen in this place.
 G = Mean time per level.
                   A        B        C        D        E       F      G
               +--------+--------+--------+--------+--------+-----+--------+
         Total |    734 |    734 |      0 |      0 |    658 |   1 |  734.0 |
       Dungeon |    734 |    734 |      0 |      0 |    658 |   1 |  734.0 |
               +--------+--------+--------+--------+--------+-----+--------+

Top non-repeatable levels by time:
     D:1: 734 daAuts
